 Seeded DCSS version 0.26-a0-720-g2a1d101370 (webtiles) character file.

Game seed: 10139336263790539269 (custom seed)

1081 karrick the Chopper (level 8, 0/60 HPs)
             Began as a Demonspawn Gladiator on Nov 4, 2020.
             Shot with an arrow by a centaur (7 damage)
             ... on level 6 of the Dungeon.
             The game lasted 00:08:05 (3524 turns).

karrick the Chopper (Demonspawn Gladiator)          Turns: 3524, Time: 00:08:05

Health: 0/60       AC:  6    Str: 19    XL:     8   Next: 8%
Magic:  17/17      EV: 14    Int:  6    God:
Gold:   175        SH:  6    Dex: 15    Spells: 7/7 levels left

rFire    . . .     SeeInvis .   a - +0 war axe
rCold    . . .     Faith    .   (no shield)
rNeg     + . .     Spirit   .   u - +1 leather armour of the Sparrow {+Inv rN+ Str+4 Int-5}
rPois    .         Reflect  .   c - +0 helmet
rElec    .         Harm     .   (no cloak)
rCorr    .         Rampage  .   (no gloves)
MR       .....                  w - +0 pair of boots (curse)
Stlth    +.........             e - amulet of regeneration
HPRegen  0.60/turn              j - ring of magical power
MPRegen  0.15/turn              m - ring of attention (curse)

@: no status effects
A: large bone plates 2, demonic guardian 1
a: Evoke Invisibility


You were on level 6 of the Dungeon.
You visited 1 branch of the dungeon, and saw 6 of its levels.

You collected 301 gold pieces.
You spent 126 gold pieces at shops.

Inventory:

Hand Weapons
 a - a +0 war axe (weapon)
Missiles
 d - 3 throwing nets (quivered)
Armour
 c - a +0 helmet (worn)
 u - the +1 leather armour of the Sparrow (worn) {+Inv rN+ Str+4 Int-5}
   (You took it off an orc on level 4 of the Dungeon)

   It affects your strength (+4).
   It affects your intelligence (-5).
   It protects you from negative energy.
   It lets you turn invisible.
 w - a cursed +0 pair of boots (worn)
Jewellery
 b - a cursed amulet of inaccuracy {unknown}
 e - an amulet of regeneration (around neck)
 j - a ring of magical power (left hand)
 m - a cursed ring of attention (right hand)
 y - an uncursed ring of protection from cold {unknown}
Scrolls
 f - 4 scrolls of amnesia {unknown}
 g - 5 scrolls of remove curse {unknown}
 h - 5 scrolls of teleportation {unknown}
 l - 4 scrolls of random uselessness {unknown}
 q - a scroll of fear {unknown}
 r - 7 scrolls of identify
 s - 3 scrolls of magic mapping
 t - 2 scrolls of fog {unknown}
Potions
 i - 3 potions of flight {unknown}
 k - 2 potions of curing {unknown}
 n - a potion of heal wounds {unknown}
 o - a potion of degeneration {unknown}
 p - 2 potions of might {unknown}
 v - a potion of stabbing {unknown}
 x - a potion of mutation {unknown}
 z - 2 potions of lignification {unknown}


   Skills:
 + Level 4.0 Fighting
 + Level 6.2 Axes
 + Level 2.0 Throwing
 + Level 2.7 Armour
 + Level 4.4 Dodging
 + Level 1.4 Stealth
 * Level 2.3 Evocations


You had 7 spell levels left.
You didn't know any spells.
Your spell library contained the following spells:

 Spells                   Type           Power        Failure   Level
 Beastly Appendage        Tmut           #.....       52%         1
 Wereblood                Tmut           #.......     65%         2
 Confusing Touch          Hex            #.......     87%         3
 Gell's Gravitas          Tloc           #.........   87%         3
 Spider Form              Tmut/Pois      #.........   87%         3
 Ice Form                 Ice/Tmut       #.......     99%         4
 Petrify                  Tmut/Erth      #.......     99%         4
 Blade Hands              Tmut           #.........   100%        5
 Metabolic Englaciation   Hex/Ice        #.........   100%        5
 Yara's Violent Unravell  Hex/Tmut       #.........   100%        5


Dungeon Overview and Level Annotations

Branches:
Dungeon (6/15)
 Temple: D:4-7

Altars:
Cheibriados
Sif Muna

Shops:
D:5 ?


Innate Abilities, Weirdness & Mutations

You are mostly covered in large bone plates. (SH +6)
A weak demonic guardian rushes to your aid.


Message History

You hit the orc wizard.
You kill the orc wizard!
Your Stealth skill increases to level 1!
Things that are here:
a +0 dagger; a +0 robe You swap places.
You see here an arrow.
Your quasit disappears in a puff of smoke!
A centaur comes into view.
Things that are here:
a cursed -1 shortbow; 22 arrows The centaur wields a +2 shortbow of flaming.
It bursts into flame!
The centaur shoots an arrow.
The arrow hits you! The arrow burns you.
Things that are here:
an arrow; 6 gold pieces The centaur shoots an arrow.
The arrow hits you!
* * * LOW HITPOINT WARNING * * *
The arrow burns you!
You die...

##########
#.....)<.#
#........#
#........#
#........#
#........#######
#...............
#.......@..#####
#......(.#......
#.......).......
###..5#.(.......
##...)(#####c.
##...).# .
###.(.# #.).#
#.....


You could see a centaur and a friendly quasit (summoned).

Vanquished Creatures
  A phantom (D:4)
  An ogre (D:5)
  A scorpion (D:4)
  2 wights (D:5)
  2 hounds
  A bullfrog skeleton (D:5)
  An orc priest (D:3)
  An iguana (D:3)
  2 orc wizards
  3 worker ants (D:5)
  4 gnolls (D:5)
  7 adders
  An adder skeleton (D:5)
  A worm (D:2)
  2 dart slugs
  2 leopard geckos
  14 orcs
  2 ball pythons
  6 giant cockroaches
  10 goblins
  4 hobgoblins
  8 jackals
  7 kobolds
  2 quokkas
  7 bats
  4 frilled lizards
  2 quokka skeletons (D:5)
  8 rats
106 creatures vanquished.

Vanquished Creatures (collateral kills)
  A necrophage (D:5)
  An ogre (D:6)
  A centaur (D:6)
  A bullfrog (D:5)
  A howler monkey (D:4)
  An orc wizard (D:4)
  Natasha (D:2)
  2 worker ants
  A shadow imp (D:4)
  A worm (D:3)
  3 orcs (D:4)
  A goblin (D:3)
  A leopard gecko zombie (D:6)
16 creatures vanquished.

Grand Total: 122 creatures vanquished

Notes
Turn   | Place    | Note
-------+----------+-------------------------------------------
     0 | D:1      | karrick the Demonspawn Gladiator began the quest for the
                  | Orb.
     0 | D:1      | Reached XP level 1. HP: 16/16 MP: 1/1
   198 | D:1      | Gained mutation: A weak demonic guardian rushes to your
                  | aid. [demonic ancestry]
   198 | D:1      | Reached XP level 2. HP: 22/22 MP: 2/2
   266 | D:1      | Reached skill level 3 in Axes
   547 | D:1      | Gained mutation: You are partially covered in large bone
                  | plates. (SH +4) [demonic ancestry]
   547 | D:1      | Reached XP level 3. HP: 22/27 MP: 3/3
  1005 | D:2      | Found a snail-covered altar of Cheibriados.
  1051 | D:2      | Gained mutation: You are mostly covered in large bone
                  | plates. (SH +6) [demonic ancestry]
  1051 | D:2      | Reached XP level 4. HP: 27/33 MP: 4/4
  1108 | D:2      | Noticed Natasha
  1112 | D:2      | Killed Natasha
  1293 | D:3      | Reached skill level 1 in Armour
  1297 | D:3      | Reached XP level 5. HP: 27/40 MP: 5/5
  1408 | D:3      | Reached skill level 4 in Axes
  1409 | D:3      | Found a shimmering blue altar of Sif Muna.
  1722 | D:4      | Reached XP level 6. HP: 47/47 MP: 6/6
  1851 | D:4      | Identified the +1 leather armour of the Sparrow {+Inv rN+
                  | Str+4 Int-5}
  1871 | D:4      | Reached skill level 5 in Axes
  2343 | D:5      | Entered Level 5 of the Dungeon
  2504 | D:5      | Found Hozuixog's Magic Scroll Shop.
  2815 | D:5      | Reached XP level 7. HP: 52/52 MP: 7/7
  2874 | D:5      | Reached skill level 1 in Evocations
  2903 | D:5      | Bought a scroll of magic mapping for 49 gold pieces
  2903 | D:5      | Bought a scroll of magic mapping for 49 gold pieces
  2903 | D:5      | Bought a scroll of identify for 28 gold pieces
  3406 | D:5      | Reached skill level 6 in Axes
  3487 | D:6      | Reached XP level 8. HP: 60/60 MP: 8/8
  3519 | D:6      | Reached skill level 1 in Stealth
  3524 | D:6      | Shot with an arrow by a centaur

Illustrated notes

Levels and vault maps discovered:
D:1:      saegor_arrival_simple_c, layout_loops_ring, palyth_stone_intersect
D:2:      layout_rooms, cheibriados_altar_1, uniq_natasha
D:3:      layout_rooms, lemuel_crystal_altar
D:4:      layout_cave_pools, minmay_starry_boxes
D:5:      layout_basic, serial_shops, shop_fountains
D:6:      layout_rooms, kennysheep_mini, serial_shops,
          nicolae_shop_temple_entry_statues_fountains

Skill      XL: |  1  2  3  4  5  6  7  8 |
---------------+-------------------------+-----
Throwing       | 2 |  2.0
Dodging        | 3 4 |  4.4
Axes           | 3 4 5 6 |  6.2
Armour         | 1 2 |  2.7
Fighting       | 3 4 |  4.0
Evocations     | 2 |  2.3
Stealth        | 1 |  1.4

Action                   |  1- 3 |  4- 6 |  7- 9 || total
-------------------------+-------+-------+-------++-------
Melee: War axe           |   148 |   167 |    86 ||   401
 Stab: Distracted        |       |     1 |     2 ||     3
Armor: Leather armour    |    51 |    31 |    18 ||   100
Dodge: Dodged            |   110 |    98 |    58 ||   266
Block: Other             |    17 |    55 |    28 ||   100

Table legend: (Time is in decaauts)
 A = Elapsed time spent in this place.
 B = Non-inter-level travel time spent in this place.
 C = Inter-level travel time spent in this place.
 D = Time resting spent in this place.
 E = Time spent auto-exploring this place.
 F = Levels seen in this place.
 G = Mean time per level.
                   A        B        C        D        E       F      G
               +--------+--------+--------+--------+--------+-----+--------+
         Total |   3645 |   3349 |    296 |    150 |   2190 |   6 |  607.5 |
       Dungeon |   3645 |   3349 |    296 |    150 |   2190 |   6 |  607.5 |
               +--------+--------+--------+--------+--------+-----+--------+

Top non-repeatable levels by time:
     D:5: 998 daAuts
     D:1: 840 daAuts
     D:4: 831 daAuts
     D:3: 483 daAuts
     D:2: 432 daAuts
     D:6: 59 daAuts
